 Dungeon Crawl Stone Soup version 0.24.1-5-g77f818bfca (webtiles) character file.

Game seed: 12784577786756390751, levelgen mode: deterministic

280 Atelerd the Sneak (level 6, -1/39 HPs)
             Began as an Octopode Wizard on Apr 23, 2020.
             Slain by an orc
             ... wielding a +0 flail
              (9 damage)
             ... on level 4 of the Dungeon.
             The game lasted 00:06:07 (3839 turns).

Atelerd the Sneak (Octopode Wizard)                 Turns: 3839, Time: 00:06:08

Health: -1/39      AC:  1    Str:  9    XL:     6   Next: 27%
Magic:  2/11       EV: 13    Int: 22    God:
Gold:   147        SH:  0    Dex: 10    Spells: 3/12 levels left

rFire    . . .     SeeInvis .   D - +2 dagger (venom)
rCold    . . .     Gourm    .   (no shield)
rNeg     . . .     Faith    .   a - +0 hat
rPois    .         Spirit   .   (no amulet)
rElec    .         Reflect  .   w - +2 ring of strength
rCorr    .         Harm     .   (no ring)
MR       .....                  (no ring)
Stlth    +++.......             (no ring)
HPRegen  0.13/turn              (no ring)
MPRegen  0.12/turn              (no ring)
                                (no ring)
                                (no ring)

@: no status effects
A: almost no armour, stealthy swim, amphibious, 8 rings, constrict 8, camouflage
1, gelatinous body 1
a: no special abilities


You were on level 4 of the Dungeon.
You were hungry.

You visited 1 branch of the dungeon, and saw 4 of its levels.

You collected 147 gold pieces.

Inventory:

Hand Weapons
 f - a +0 dagger
 r - a +1 dagger of venom
 u - a +1 hunting sling of velocity
 D - a +2 dagger of venom (weapon)
Missiles
 j - 11 boomerangs (quivered)
 v - 39 stones
 y - 7 silver boomerangs
Armour
 a - a +0 hat (worn)
Jewellery
 w - a +2 ring of strength (left tentacle)
Wands
 C - a wand of paralysis (5)
Scrolls
 h - a scroll of fear {unknown}
 i - a scroll of magic mapping
 k - a scroll of amnesia {unknown}
 l - a scroll of immolation {unknown}
 p - 2 scrolls of remove curse
 q - a scroll of blinking
 s - a scroll of noise {unknown}
 z - a scroll of fog {unknown}
 A - a scroll of enchant weapon
 B - 2 scrolls of teleportation {unknown}
Potions
 d - 3 potions of heal wounds {unknown}
 e - 4 potions of cancellation {unknown}
 g - a potion of mutation
 m - a potion of degeneration
 n - 3 potions of curing
 o - 2 potions of flight
 t - 3 potions of agility
 x - 2 potions of brilliance {unknown}
 E - a potion of lignification {unknown}
 F - a potion of berserk rage {unknown}
Comestibles
 b - 2 chunks of flesh
 c - 6 rations


   Skills:
 + Level 2.1 Fighting
 - Level 3.0 Dodging
 + Level 4.4 Stealth
 + Level 3.7 Spellcasting
 * Level 3.6 Conjurations
   Level 1.0 Summonings
 - Level 1.0 Translocations


You had 3 spell levels left.
You knew the following spells:

 Your Spells              Type           Power        Failure   Level  Hunger
a - Magic Dart            Conj           ###.         2%          1    None
b - Mephitic Cloud        Conj/Pois/Air  #.......     22%         3    ###....
c - Blink                 Tloc           N/A          12%         2    #......
d - Conjure Flame         Conj/Fire      ##......     17%         3    ###....

Your spell library contained the following spells:

 Spells                   Type           Power        Failure   Level  Hunger
 Apportation              Tloc           #.....       8%          1    None
 Summon Small Mammal      Summ           #...         8%          1    None
 Animate Skeleton         Necr           N/A          12%         1    None
 Confusing Touch          Hex            #.....       12%         1    None
 Call Imp                 Summ           #.......     12%         2    #......
 Slow                     Hex            #.......     17%         2    #......


Dungeon Overview and Level Annotations

Branches:
Dungeon (4/15)
 Temple: D:4-7

Altars:
Elyvilon
Uskayaw
Zin
The Shining One

Annotations:
D:3 exclusion: downstairs


Innate Abilities, Weirdness & Mutations

You cannot wear most types of armour.
You are very stealthy in the water. (Stealth+)
You are amphibious.
You can wear up to eight rings at the same time.
You can use your tentacles to constrict eight enemies at once.
Your skin changes colour to match your surroundings (Stealth+).
Your rubbery body absorbs attacks. (AC +1, EV +1)


Message History

The orc is severely wounded.
You constrict the orc.
You kill the orc!
Unknown command.
You hit the orc. Your grab misses the orc.
The orc is heavily wounded.
The orc hits you with a +0 flail.
Unknown command.
You closely miss the orc. You grab the orc. You squeeze the orc.
The orc is heavily wounded.
You constrict the orc. The orc hits you with a +0 flail!
* * * LOW HITPOINT WARNING * * *
Unknown command.
You release your grip on the orc.
There is a stone staircase leading up here.
Press: ? - help, v - describe, . - travel
Here: an orc, wielding a +0 flail and wearing a +0 ring mail (severely wounded)
The floor.
The orc hits you with a +0 flail!
You die...

#....##..# #.# #....##..#####.###
#.#####..........#
#.#####..##.##.#.#
#.#......##.##.#.#
#.#)###.###.##.#.## #.#...#.#
#.##....# #.###.#.# #.####..#
########)#.o@..# #.####..#
...........#######.......#
############.........#..##...#
.......# #..######.#..#....#
?......# #..#...##.#..#(.#.#
.......#####..#...##.#.......#
.......'.o)..............>.######
.......#####..#....#..)).........
.......# #.......########..####


You could see an orc.

Vanquished Creatures
  A howler monkey (D:4)
  A hound (D:4)
  An orc priest (D:4)
  An iguana (D:4)
  2 orc wizards (D:4)
  A howler monkey skeleton (D:4)
  An adder (D:3)
  3 worms
  A leopard gecko (D:3)
  9 orcs
  A ball python (D:1)
  6 giant cockroaches
  9 goblins
  8 hobgoblins
  4 kobolds
  2 quokkas
  6 bats
  4 frilled lizards
  A jackal skeleton (D:4)
  4 rats
66 creatures vanquished.

Notes
Turn   | Place    | Note
-------+----------+-------------------------------------------
     0 | D:1      | Atelerd the Octopode Wizard began the quest for the Orb.
     0 | D:1      | Reached XP level 1. HP: 11/11 MP: 4/4
   579 | D:1      | Reached XP level 2. HP: 8/18 MP: 0/6
  1238 | D:2      | Reached skill level 3 in Stealth
  1443 | D:2      | Reached XP level 3. HP: 22/22 MP: 4/7
  1448 | D:2      | Learned a level 3 spell: Mephitic Cloud
  1451 | D:2      | Learned a level 2 spell: Blink
  1514 | D:2      | Noticed a +0 hand axe
  1514 | D:2      | Noticed a +0 hand axe
  1519 | D:2      | Found a hide-covered altar of Uskayaw.
  1968 | D:2      | Reached skill level 1 in Fighting
  2198 | D:2      | Found a white marble altar of Elyvilon.
  2198 | D:2      | Found a glowing silver altar of Zin.
  2198 | D:2      | Found a glowing golden altar of the Shining One.
  2526 | D:3      | Reached XP level 4. HP: 28/28 MP: 4/8
  3637 | D:4      | Reached XP level 5. HP: 33/33 MP: 5/10
  3668 | D:4      | Reached skill level 4 in Stealth
  3687 | D:4      | Learned a level 3 spell: Conjure Flame
  3821 | D:4      | Reached XP level 6. HP: 33/39 MP: 2/11
  3839 | D:4      | Slain by an orc

Levels and vault maps discovered:
D:1:      lemuel_arrival_room, layout_rooms, minmay_misc_feat_four_crosses,
          hangedman_decor_points
D:2:      layout_loops_ring, good_gods_mini_temple, dancing_weapons_uskayaw,
          minmay_fractal_squares_gapless_5
D:3:      layout_basic, minmay_fountain_box
D:4:      layout_basic, serial_shops, nicolae_shop_waterfront

Skill      XL: |  1  2  3  4  5 |
---------------+----------------+-----
Stealth        | 3 4 |  4.4
Fighting       | 1 2 |  2.1
Conjurations   | 2 3 |  3.6
Dodging        | 3 |  3.0
Spellcasting   | |  3.7
Summonings     | |  1.0
Translocations | |  1.0

Action                   |  1- 3 |  4- 6 || total
-------------------------+-------+-------++-------
Melee: Unarmed           |     6 |       ||     6
       Dagger            |    55 |    62 ||   117
       Constrict         |    15 |    19 ||    34
       Tentacles         |     6 |    10 ||    16
 Cast: Magic Dart        |    56 |    18 ||    74
       Mephitic Cloud    |     1 |     4 ||     5
       Blink             |       |     1 ||     1
Evoke: Wand              |       |     1 ||     1
  Use: Scroll            |       |     9 ||     9
 Stab: Sleeping          |     5 |     5 ||    10
       Confused          |       |     1 ||     1
       Paralysed         |       |     2 ||     2
  Eat: Chunk             |     4 |     5 ||     9
Armor: Skin              |     3 |     5 ||     8
Dodge: Dodged            |    38 |    40 ||    78
